AoeStats
← [xCs]PLO_Style

Arabia

509384022Analyzed
1v1 RM · 4d ago on Sep 26, 2026· 41m 35s· 2 players
Game mode
Random Map
Map size
Tiny (2 player)
Population
200
Speed
Normal
Resources
Standard
Victory
Conquest
Starting age
Dark Age
Ending age
Imperial Age
RankedLock teamsTeams togetherTeam positionsShared explorationLock speedFull tech treeHidden civsTurbo modeCheats
Victory
Defeat
🇹🇷 Khmer · Türkiye
1606
+22
🇨🇦 Burgundians · Canada
1732
-22
KİNGBURAK53
7:08 Loom
9:45 Feudal Age
10:10 Double-Bit Axe
11:37 Horse Collar
18:28 Castle Age
18:08 Forging
18:09 Gold Mining
19:17 Scale Barding Armor
23:17 Wheelbarrow
24:49 Husbandry
25:51 Bloodlines
26:07 Chain Barding Armor
27:47 Iron Casting
28:37 Stone Mining
29:22 Gold Shaft Mining
29:09 Bow Saw
30:51 Hand Cart
35:00 Imperial Age
32:09 Light Cavalry
35:26 Cavalier
36:53 Conscription
36:08 Hussar
39:43 Plate Barding Armor
[xCs]PLO_Style
3:45 Double-Bit Axe
6:09 Loom
8:53 Feudal Age
9:46 Bow Saw
10:52 Horse Collar
17:22 Wheelbarrow
16:43 Fletching
17:42 Scale Barding Armor
21:43 Castle Age
20:07 Gold Mining
21:25 Padded Archer Armor
22:19 Gold Shaft Mining
22:24 Bodkin Arrow
21:53 Crossbowman
24:01 Redemption
24:07 Town Watch
28:14 Heavy Plow
28:37 Ballistics
29:49 Hand Cart
34:05 Imperial Age
35:49 Chemistry
34:56 Bracer
37:35 Leather Archer Armor
38:19 Conscription
38:08 Burgundian Vineyards
38:02 Light Cavalry
38:02 Light Cavalry
38:33 Pikeman
39:39 Squires
Connection lost

Rejoining the realm…

Still unreachable

The connection could not be restored.

Session expired

The server has moved on; the page needs a fresh start.